Map: Overgrowth LE (Void)

Players

Musumeci - Winner!

  • Race: Zerg Zerg
  • League: Diamond
  • Spawn Location: 1:00

ment

  • Race: Protoss Protoss
  • League: Diamond
  • Spawn Location: 7:00

VOD

Have the link to the VOD?

Description

Time

  • Played on: Dec. 22, 2016, 5:53 a.m.
  • Length: 18:59
Show
View Real Time Build Order
Export as new Build Order

Musumeci Zerg - Winner!

Build Orders: Hatch First 

Get SALT Encoding   

  12  0:03  Drone  
  13  0:09  Drone  
  14  0:26  Drone, Extractor  
  15  0:42  Hatchery  
  14  0:43  Extractor  
  14  0:45  Drone  
  15  0:57  Extractor  
  15  1:03  Spawning Pool  
  12  1:50  Queen  
  14  2:03  Drone  
  14  2:04  Drone  
  16  2:08  Drone  
  17  2:16  Drone  
  18  2:23  Drone  
  18  2:25  Drone  
  20  2:38  Overlord  
  20  2:51  Metabolic Boost  
  20  2:56  Zergling x8  
  24  2:59  Drone  
  24  3:02  Drone  
  26  3:06  Drone  
  26  3:11  Drone  
  28  3:19  Overlord  
  28  3:37  Queen  
  30  3:58  Drone x6  
  36  4:17  Overlord  
  36  4:18  Overlord  
  36  4:22  Lair  
  36  4:25  Roach Warren  
  36  4:29  Hatchery  
  34  4:42  Overlord x3  
  34  4:46  Spore Crawler  
  34  4:48  Spore Crawler  
  34  4:50  Extractor  
  31  5:16  Drone x10  
  41  5:23  Overseer  
  41  5:25  Overseer  
  41  5:32  Drone x3  
  41  5:33  Drone  
  41  5:35  Glial Reconstitution  
  45  5:43  Overseer  
  45  6:05  Evolution Chamber  
  45  6:08  Hydralisk Den  
  45  6:09  Zergling x2  
  45  6:10  Zergling x10  
  45  6:11  Roach x5  
  59  6:21  Extractor  
  59  6:22  Extractor  
  57  6:35  Zergling x8  
  61  6:48  Drone x5  
  61  6:53  Drone x5  
  68  7:00  Ravager  
  68  7:01  Ravager x4  
  73  7:03  Drone  
  73  7:08  Extractor  
  73  7:15  Extractor  
  72  7:27  Zergling x4  
  74  7:41  Spore Crawler  
  73  7:45  Muscular Augments  
  63  8:08  Roach  
  63  8:09  Roach x4  
  63  8:10  Overlord x6  
  73  8:18  Overlord x6  
  73  8:28  Queen  
  73  8:29  Roach x8  
  73  8:31  Ravager  
  73  8:32  Ravager x4  
  96  8:49  Roach x7  
  104  9:01  Hydralisk x4  
  112  9:05  Zerg Missile Weapons Level 1  
  112  9:16  Drone x3  
  115  9:18  Drone x2  
  117  9:40  Drone x11  
  128  9:48  Drone  
  128  9:49  Drone x5  
  134  10:14  Hydralisk x10  
  154  10:37  Hatchery  
  154  10:38  Drone  
  154  10:39  Drone, Extractor  
  154  10:40  Extractor  
  152  10:47  Drone, Spore Crawler  
  152  10:48  Drone  
  153  10:50  Spore Crawler  
  153  10:51  Overlord x5  
  152  10:58  Spore Crawler  
  152  11:03  Ravager x2  
  112  11:39  Roach  
  100  11:40  Roach x20  
  121  12:01  Ravager x15  
  128  12:02  Ravager x3  
  128  12:05  Zergling x12  
  145  12:10  Zerg Melee Weapons Level 1  
  145  12:11  Evolution Chamber  
  144  12:17  Zergling x2  
  144  12:18  Zergling x26  
  151  12:40  Zergling x2  
  151  12:41  Zergling x14  
  156  12:48  Spore Crawler  
  156  12:49  Spore Crawler  
  128  13:05  Zergling x2  
  128  13:06  Zergling x20  
  137  13:15  Zergling x12  
  137  13:16  Zergling x10  
  101  14:03  Roach, Zerg Missile Weapons Level 2  
  101  14:04  Roach x18  
  113  14:28  Roach  
  113  14:29  Roach x9  
  127  14:39  Drone x3  
  130  14:58  Ravager  
  131  15:11  Zergling x2  
  131  15:12  Zergling x26  
  145  15:15  Zerg Ground Armor Level 1  
  145  15:18  Ravager  
  145  15:19  Ravager x14  
  125  16:00  Roach x18  
  125  16:01  Roach x2  
  154  16:07  Zergling x6  
  121  16:34  Roach x9  
  121  16:35  Roach x6  
  121  16:38  Ravager x5  
  121  16:39  Ravager  
  154  16:58  Ravager x7  
  154  16:59  Ravager x4  
  154  17:00  Ravager  
  166  17:02  Hatchery, Extractor  
  166  17:06  Extractor  
  105  18:11  Zergling x28  
  105  18:12  Zergling x20  
  94  18:22  Zergling x24  
  103  18:30  Ravager x2  
  105  18:39  Roach  
  105  18:40  Roach x10  
Show
View Real Time Build Order
Export as new Build Order

ment Protoss 

Build Orders:  

Get SALT Encoding   

  12  0:01  Probe (Chrono Boost)  
  13  0:15  Pylon  
  13  0:18  Probe (Chrono Boost)  
  15  0:28  Probe (Chrono Boost)  
  15  0:39  Forge  
  15  0:40  Probe (Chrono Boost)  
  16  0:52  Assimilator, Probe (Chrono Boost)  
  17  1:02  Probe (Chrono Boost)  
  18  1:11  Pylon  
  18  1:16  Probe (Chrono Boost)  
  19  1:26  Probe (Chrono Boost)  
  20  1:45  Pylon, Probe (Chrono Boost)  
  20  1:49  Pylon  
  19  2:02  Probe (Chrono Boost)  
  20  2:11  Nexus  
  20  2:13  Probe (Chrono Boost)  
  20  2:14  Gateway, Assimilator  
  21  2:19  Assimilator  
  21  2:20  Photon Cannon  
  21  2:23  Probe (Chrono Boost)  
  21  2:27  Pylon  
  22  2:34  Probe (Chrono Boost)  
  23  2:45  Probe (Chrono Boost)  
  24  2:55  Probe (Chrono Boost)  
  24  2:56  Pylon  
  25  3:03  Cybernetics Core  
  25  3:06  Probe (Chrono Boost)  
  26  3:16  Probe (Chrono Boost)  
  27  3:20  Pylon  
  27  3:27  Probe x2 (Chrono Boost)  
  29  3:36  Gateway  
  29  3:37  Warp Gate  
  29  3:38  Probe (Chrono Boost)  
  29  3:40  Probe (Chrono Boost)  
  31  3:47  Robotics Facility  
  32  3:49  Probe (Chrono Boost)  
  32  3:51  Mothership Core (Chrono Boost)  
  34  4:00  Stalker  
  34  4:01  Probe (Chrono Boost)  
  38  4:10  Probe (Chrono Boost)  
  38  4:13  Probe (Chrono Boost)  
  38  4:15  Pylon  
  38  4:19  Photon Cannon  
  38  4:20  Probe (Chrono Boost)  
  38  4:23  Twilight Council  
  40  4:25  Probe (Chrono Boost)  
  40  4:31  Probe (Chrono Boost)  
  41  4:34  Observer  
  41  4:35  Gateway  
  42  4:43  Probe (Chrono Boost)  
  42  4:44  Probe (Chrono Boost)  
  44  4:51  Gateway  
  44  4:52  Gateway, Resonating Glaives  
  44  4:54  Probe (Chrono Boost)  
  44  4:58  Immortal  
  45  5:06  Probe (Chrono Boost)  
  51  5:07  Probe (Chrono Boost)  
  51  5:10  Pylon  
  51  5:13  Assimilator  
  51  5:17  Assimilator  
  51  5:19  Probe (Chrono Boost)  
  52  5:26  Pylon  
  53  5:28  Probe (Chrono Boost)  
  53  5:34  Probe (Chrono Boost)  
  54  5:51  Adept  
  54  5:52  Adept x2, Probe (Chrono Boost)  
  62  5:57  Pylon  
  62  5:58  Probe (Chrono Boost)  
  62  5:59  Observer  
  62  6:00  Pylon  
  63  6:04  Probe (Chrono Boost)  
  63  6:11  Stargate  
  63  6:13  Stargate  
  63  6:16  Probe (Chrono Boost)  
  65  6:18  Photon Cannon  
  65  6:20  Probe (Chrono Boost)  
  65  6:23  Pylon  
  65  6:28  Probe (Chrono Boost)  
  66  6:36  Stalker x3  
  72  6:43  Immortal  
  76  6:50  Probe (Chrono Boost)  
  76  6:51  Probe (Chrono Boost)  
  78  6:55  Phoenix  
  78  6:56  Phoenix  
  82  7:06  Nexus  
  82  7:09  Pylon  
  82  7:20  Phoenix  
  82  7:24  Phoenix  
  82  7:29  Adept  
  89  7:30  Adept x4, Probe (Chrono Boost)  
  97  7:38  Gateway  
  97  7:41  Pylon  
  97  7:42  Gateway  
  97  7:57  Adept x4  
  97  7:58  Adept  
  107  8:11  Warp Prism  
  109  8:21  Adept x5  
  119  9:02  Probe (Chrono Boost)  
  117  9:03  Probe (Chrono Boost)  
  117  9:04  Photon Cannon, Probe (Chrono Boost), Immortal  
  117  9:06  Photon Cannon  
  121  9:11  Protoss Ground Weapons Level 1  
  121  9:13  Pylon  
  121  9:15  Probe (Chrono Boost)  
  121  9:16  Probe (Chrono Boost)  
  123  9:17  Sentry x2  
  123  9:18  Sentry  
  123  9:19  Stalker x2  
  129  9:44  Robotics Facility  
  129  9:45  Probe (Chrono Boost)  
  130  9:47  Robotics Bay  
  130  9:50  Pylon  
  130  9:51  Probe (Chrono Boost)  
  130  9:52  Probe (Chrono Boost)  
  132  9:53  Pylon  
  132  10:04  Pylon, Probe (Chrono Boost)  
  132  10:05  Sentry x2, Assimilator  
  132  10:06  Stalker x2  
  141  10:09  Assimilator  
  141  10:13  Immortal  
  141  10:15  Pylon  
  141  10:18  Pylon  
  141  10:20  Pylon  
  145  10:28  Forge  
  145  10:36  Pylon  
  145  10:39  Pylon  
  145  10:43  Disruptor  
  145  10:47  Disruptor  
  148  10:51  Blink  
  139  11:39  Disruptor x2  
  125  11:41  Stalker  
  125  11:42  Stalker x6  
  145  12:12  Protoss Ground Armor Level 1  
  145  12:26  Pylon  
  145  12:29  Pylon  
  137  12:33  Adept x2  
  137  12:34  Adept x5  
  147  12:51  Charge  
  129  13:00  Disruptor x2  
  117  13:06  Adept x5  
  117  13:07  Adept x2  
  113  13:30  Adept  
  113  13:31  Adept x6  
  97  13:55  Adept x5  
  98  13:57  Adept x2  
  98  14:02  Immortal x2  
  89  14:18  Adept x4  
  91  14:27  Pylon  
  85  14:36  Disruptor x2  
  86  14:39  Probe (Chrono Boost)  
  86  14:45  Mothership Core (Chrono Boost), Zealot x2  
  94  14:46  Zealot x5  
  108  14:54  Pylon  
  108  14:55  Pylon  
  108  14:58  Pylon  
  104  15:08  Sentry x2  
  104  15:09  Stalker x2  
  104  15:10  Stalker x3  
  121  15:20  Nexus  
  122  15:28  Disruptor, Probe (Chrono Boost)  
  122  15:30  Gateway  
  122  15:32  Disruptor  
  117  15:57  Adept x6  
  77  16:25  Adept  
  77  16:26  Adept x5  
  77  16:27  Adept  
  65  16:34  Disruptor x2  
  67  16:40  Mothership Core (Chrono Boost)  
  67  16:46  Pylon  
  67  16:51  Zealot  
  67  16:52  Zealot  
  71  17:03  Pylon  
  71  17:14  Sentry  
  72  17:15  Sentry  
  69  17:53  Sentry x2  
  69  17:54  Zealot x2  
Tags
 
Add a new tag
Caveats
  • Supply blocks, unpowered buildings, or Contaminate may cause inaccurate times.
  • Supply counts are checked every 10 seconds.